TOP OF THE 1ST |
District 9 Prawns batting - Pitching for Mexico City Cerveceros : RHP Luis Torres
|
Pitching: RHP Luis Torres
|
|
Batting: SHB Júlio Macías
|
0-0: Foul Ball, location: 2F 0-1: Foul Ball, location: 2F 0-2: Ball 1-2: Ball 2-2: Ball 3-2: SINGLE (Line Drive, 89S)
|
Batting: RHB José Colón
|
0-0: Ball 1-0: Called Strike Júlio Macías steals 2nd base 1-1: Ball 2-1: Called Strike 2-2: SINGLE (Flyball, 7LS) Júlio Macías to third
|
Batting: LHB Terry Simpson
|
0-0: Ball 1-0: Fly out, F9 (Flyball, 9) Runner from 3rd tags up, SCORES, no throw
|
Batting: LHB Mike Davis
|
0-0: Ball 1-0: 2-RUN HOME RUN (Flyball, 9LD), Distance : 334 ft
|
Batting: LHB Jeff Doss
|
0-0: Swinging Strike 0-1: Called Strike 0-2: Strikes out swinging
|
Batting: LHB Manuel Cardenas
|
0-0: Ball 1-0: Ball 2-0: Ball 3-0: Base on Balls
|
Batting: RHB Edgardo Carrasco
|
0-0: Ball 1-0: Called Strike 1-1: SINGLE (Groundball, 6MD) Manuel Cardenas to second Runner from 2nd tries for 3rd, SAFE, no throw
|
Batting: RHB Alfredo Rangel
|
0-0: Ball Passed Ball! Manuel Cardenas scores Edgardo Carrasco to second 1-0: Ball 2-0: Fly out, F7 (Flyball, 7D)
|
Top of the 1st over - 4 runs, 4 hits, 0 errors, 1 left on base; District 9 4 - Mexico City 0 |
BOTTOM OF THE 1ST |
Mexico City Cerveceros batting - Pitching for District 9 Prawns : RHP Isaac Pope
|
Pitching: RHP Isaac Pope
|
|
Batting: RHB Juan Estrada
|
0-0: Swinging Strike 0-1: Foul Ball, location: 2F 0-2: Foul Ball, location: 2F 0-2: Foul Ball, location: 2F 0-2: Ball 1-2: Strikes out swinging
|
Batting: RHB Robinson Pacheco
|
0-0: Swinging Strike 0-1: Swinging Strike 0-2: Foul Ball, location: 2F 0-2: Ball 1-2: Strikes out looking
|
Batting: LHB Mike Harris
|
0-0: Swinging Strike 0-1: Called Strike 0-2: Strikes out swinging
|
Bottom of the 1st over - 0 runs, 0 hits, 0 errors, 0 left on base; District 9 4 - Mexico City 0 |
TOP OF THE 2ND |
District 9 Prawns batting - Pitching for Mexico City Cerveceros : RHP Luis Torres
|
Batting: LHB Culley Vaughan
|
0-0: Fly out, F8 (Line Drive, 78D)
|
Batting: SHB Júlio Macías
|
0-0: Called Strike 0-1: Ball 1-1: Ball 2-1: Ball 3-1: SINGLE (Groundball, 4D)
|
Batting: RHB José Colón
|
0-0: Ball Júlio Macías steals 2nd base 1-0: Swinging Strike 1-1: Called Strike Júlio Macías steals 3rd base 1-2: Ball 2-2: Ball 3-2: Fly out, F7 (Flyball, 7LM) Runner from 3rd tags up, SCORES, no throw
|
Batting: LHB Terry Simpson
|
0-0: Ball 1-0: Ground out 4-3 (Groundball, 4)
|
Top of the 2nd over - 1 run, 1 hit, 0 errors, 0 left on base; District 9 5 - Mexico City 0 |
BOTTOM OF THE 2ND |
Mexico City Cerveceros batting - Pitching for District 9 Prawns : RHP Isaac Pope
|
Batting: LHB Dan Hamilton
|
0-0: Ball 1-0: Ground out 4-3 (Groundball, 4MS)
|
Batting: RHB Ray Ervin
|
0-0: Called Strike 0-1: Ground out 5-3 (Groundball, 5S)
|
Batting: LHB John Bond
|
0-0: Called Strike 0-1: Ball 1-1: Foul Ball, location: 2F 1-2: Ball 2-2: SINGLE (Groundball, 4D)
|
Batting: RHB Eliot James
|
0-0: Ball 1-0: Called Strike 1-1: Ball 2-1: Swinging Strike 2-2: Strikes out swinging
|
Bottom of the 2nd over - 0 runs, 1 hit, 0 errors, 1 left on base; District 9 5 - Mexico City 0 |
TOP OF THE 3RD |
District 9 Prawns batting - Pitching for Mexico City Cerveceros : RHP Luis Torres
|
Batting: LHB Mike Davis
|
0-0: Ball 1-0: Ball 2-0: Swinging Strike 2-1: Ball 3-1: Base on Balls
|
Batting: LHB Jeff Doss
|
0-0: Fielders Choice at 2nd, 6-4 (Groundball, 6)
|
Batting: LHB Manuel Cardenas
|
0-0: 2-RUN HOME RUN (Flyball, 9LD), Distance : 338 ft
|
Batting: RHB Edgardo Carrasco
|
0-0: Called Strike 0-1: SINGLE (Groundball, 34D)
|
Batting: RHB Alfredo Rangel
|
0-0: Called Strike 0-1: Swinging Strike 0-2: Ground out 6-3 (Groundball, 56D) Edgardo Carrasco to second
|
Batting: LHB Culley Vaughan
|
0-0: Ball 1-0: Fly out, F7 (Flyball, 7S)
|
Top of the 3rd over - 2 runs, 2 hits, 0 errors, 1 left on base; District 9 7 - Mexico City 0 |
BOTTOM OF THE 3RD |
Mexico City Cerveceros batting - Pitching for District 9 Prawns : RHP Isaac Pope
|
Batting: RHB Ricardo Remedios
|
0-0: Foul Ball, location: 2F 0-1: SINGLE (Groundball, 34D)
|
Batting: LHB Luis Gallegos
|
0-0: Called Strike 0-1: Ball 1-1: Called Strike 1-2: Fly out, F6 (Flyball, 6MD)
|
Batting: RHB Juan Estrada
|
0-0: Ball 1-0: Ball 2-0: Swinging Strike 2-1: SINGLE (Line Drive, 7LS) Ricardo Remedios to second
|
Batting: RHB Robinson Pacheco
|
0-0: Ball 1-0: Called Strike 1-1: Ball 2-1: Ball 3-1: Foul Ball, location: 2F 3-2: DOUBLE (Flyball, 9LD) Ricardo Remedios scores Juan Estrada to third
|
Batting: LHB Mike Harris
|
0-0: Called Strike 0-1: Ball 1-1: Swinging Strike 1-2: Ball 2-2: Ball 3-2: Ground out 5-3 (Groundball, 56) Juan Estrada scores
|
Batting: LHB Dan Hamilton
|
0-0: Ball 1-0: TRIPLE (Flyball, 7LD) Robinson Pacheco scores
|
Batting: RHB Ray Ervin
|
0-0: Swinging Strike 0-1: Swinging Strike 0-2: Ball 1-2: Ball 2-2: Ball 3-2: Foul Ball, location: 2F 3-2: Strikes out swinging
|
Bottom of the 3rd over - 3 runs, 4 hits, 0 errors, 1 left on base; District 9 7 - Mexico City 3 |
TOP OF THE 4TH |
District 9 Prawns batting - Pitching for Mexico City Cerveceros : RHP Luis Torres
|
Batting: SHB Júlio Macías
|
0-0: Fly out, F9 (Line Drive, 9)
|
Batting: RHB José Colón
|
0-0: Fly out, F9 (Flyball, 9LSF)
|
Batting: LHB Terry Simpson
|
0-0: Ball 1-0: Ball 2-0: Called Strike 2-1: Ball 3-1: Fly out, F8 (Flyball, 8LXD)
|
Top of the 4th over - 0 runs, 0 hits, 0 errors, 0 left on base; District 9 7 - Mexico City 3 |
BOTTOM OF THE 4TH |
Mexico City Cerveceros batting - Pitching for District 9 Prawns : RHP Isaac Pope
|
Batting: LHB John Bond
|
0-0: Ball 1-0: Ball 2-0: Ball 3-0: Called Strike 3-1: Base on Balls
|
Batting: RHB Eliot James
|
0-0: SINGLE (Line Drive, 34D) John Bond to second
|
Batting: RHB Ricardo Remedios
|
0-0: Called Strike 0-1: Ball 1-1: Ball 2-1: Ball 3-1: DOUBLE (Line Drive, 8LD) John Bond scores Eliot James to third Runner from 3rd tries for Home, SAFE, no throw
|
Batting: LHB Luis Gallegos
|
0-0: 2-RUN HOME RUN (Flyball, 9LD), Distance : 335 ft
|
Batting: RHB Juan Estrada
|
0-0: Ball 1-0: Ground out 6-3 (Groundball, 6)
|
Batting: RHB Robinson Pacheco
|
0-0: Ball 1-0: Foul Ball, location: 2F 1-1: Foul Ball, location: 2F 1-2: Strikes out looking
|
Batting: LHB Mike Harris
|
0-0: Ball 1-0: Foul Ball, location: 2F 1-1: Ball 2-1: Foul Ball, location: 2F 2-2: Strikes out swinging
|
Bottom of the 4th over - 4 runs, 3 hits, 0 errors, 0 left on base; District 9 7 - Mexico City 7 |
TOP OF THE 5TH |
District 9 Prawns batting - Pitching for Mexico City Cerveceros : RHP Luis Torres
|
Batting: LHB Mike Davis
|
0-0: Called Strike 0-1: Ball 1-1: Foul Ball, location: 2F 1-2: Strikes out swinging
|
Batting: LHB Jeff Doss
|
0-0: Foul Ball, location: 2F 0-1: Ball 1-1: Swinging Strike 1-2: Foul Ball, location: 2F 1-2: Ball 2-2: Foul Ball, location: 2F 2-2: Ball 3-2: Foul Ball, location: 2F 3-2: Foul Ball, location: 2F 3-2: Ground out 1-3 (Groundball, 13)
|
Batting: LHB Manuel Cardenas
|
0-0: Ball 1-0: Called Strike 1-1: Ball 2-1: Foul Ball, location: 2F 2-2: Foul Ball, location: 2F 2-2: Ball 3-2: Base on Balls
|
Batting: RHB Edgardo Carrasco
|
0-0: Ball 1-0: Ball 2-0: Ball 3-0: Base on Balls Manuel Cardenas to second
|
Batting: RHB Alfredo Rangel
|
0-0: Called Strike 0-1: Ball 1-1: Foul Ball, location: 2F 1-2: Ball 2-2: Ground out 1-3 (Groundball, P)
|
Top of the 5th over - 0 runs, 0 hits, 0 errors, 2 left on base; District 9 7 - Mexico City 7 |
BOTTOM OF THE 5TH |
Mexico City Cerveceros batting - Pitching for District 9 Prawns : RHP Isaac Pope
|
Batting: LHB Dan Hamilton
|
0-0: Ball 1-0: Ball 2-0: Swinging Strike 2-1: Called Strike 2-2: SOLO HOME RUN (Flyball, 9LD), Distance : 319 ft
|
Batting: RHB Ray Ervin
|
0-0: Foul Ball, location: 2F 0-1: Ground out 1-3 (Groundball, 13S)
|
Batting: LHB John Bond
|
0-0: Ball 1-0: Ball 2-0: Ball 3-0: Base on Balls
|
Pitching: RHP Johnathan McJannett
|
|
Batting: RHB Eliot James
|
0-0: Ball 1-0: Called Strike 1-1: Foul Ball, location: 2F 1-2: Ball 2-2: Strikes out swinging
|
Batting: RHB Ricardo Remedios
|
0-0: Ground out 1-3 (Groundball, 15)
|
Bottom of the 5th over - 1 run, 1 hit, 0 errors, 1 left on base; District 9 7 - Mexico City 8 |
TOP OF THE 6TH |
District 9 Prawns batting - Pitching for Mexico City Cerveceros : RHP Luis Torres
|
Pitching: LHP Juan Parrot
|
|
Batting: LHB Culley Vaughan
|
0-0: Ball 1-0: Called Strike 1-1: Ball 2-1: Called Strike 2-2: Foul Ball, location: 2F 2-2: Strikes out swinging
|
Batting: SHB Júlio Macías
|
0-0: Swinging Strike 0-1: Foul Ball, location: 2F 0-2: Ball 1-2: Fly out, F5 (Line Drive, 5S)
|
Batting: RHB José Colón
|
0-0: Ball 1-0: Ball 2-0: Ball 3-0: Base on Balls
|
Batting: LHB Terry Simpson
|
0-0: Ball 1-0: Ball 2-0: Ball 3-0: Called Strike 3-1: Base on Balls José Colón to second
|
Batting: LHB Mike Davis
|
0-0: Foul Ball, location: 2F 0-1: Ball 1-1: Foul Ball, location: 2F 1-2: SINGLE (Line Drive, 34D) José Colón to third Terry Simpson to second
|
Batting: LHB Jeff Doss
|
0-0: Foul Ball, location: 2F 0-1: Ball 1-1: Foul Ball, location: 2F 1-2: Fly out, F9 (Flyball, 9LS)
|
Top of the 6th over - 0 runs, 1 hit, 0 errors, 3 left on base; District 9 7 - Mexico City 8 |
BOTTOM OF THE 6TH |
Mexico City Cerveceros batting - Pitching for District 9 Prawns : RHP Johnathan McJannett
|
Batting: LHB Luis Gallegos
|
0-0: Called Strike 0-1: Ball 1-1: Fly out, F6 (Popup, 6D)
|
Batting: RHB Juan Estrada
|
0-0: Foul Ball, location: 2F 0-1: Ball 1-1: Called Strike 1-2: Foul Ball, location: 2F 1-2: Ball 2-2: Ball 3-2: DOUBLE (Flyball, 8LXD)
|
Batting: RHB Robinson Pacheco
|
0-0: Ball 1-0: Foul Ball, location: 2F 1-1: Ball 2-1: Swinging Strike 2-2: Ball 3-2: Base on Balls
|
Batting: LHB Mike Harris
|
0-0: Called Strike 0-1: Called Strike 0-2: Strikes out looking
|
Batting: LHB Dan Hamilton
|
0-0: Ball 1-0: Swinging Strike Passed Ball! Juan Estrada to third Robinson Pacheco to second 1-1: Swinging Strike 1-2: Foul Ball, location: 2F 1-2: Fly out, F8 (Flyball, 8RD)
|
Bottom of the 6th over - 0 runs, 1 hit, 0 errors, 2 left on base; District 9 7 - Mexico City 8 |
TOP OF THE 7TH |
District 9 Prawns batting - Pitching for Mexico City Cerveceros : LHP Juan Parrot
|
Batting: LHB Manuel Cardenas
|
0-0: Called Strike 0-1: Foul Ball, location: 2F 0-2: Ball 1-2: SINGLE (Groundball, 34D)
|
Batting: RHB Edgardo Carrasco
|
0-0: Bunt missed! 0-1: Ball 1-1: Bunted foul 1-2: Foul Ball, location: 2F 1-2: Fielders Choice at 2nd, 6-4 (Groundball, 6MD)
|
Pinch Hitting: RHB Doug O'Brien
|
0-0: Ball 1-0: Ball 2-0: Foul Ball, location: 2F 2-1: Ball 3-1: Foul Ball, location: 2F 3-2: Base on Balls Edgardo Carrasco to second
|
Pinch Hitting: RHB Brady McIntyre
|
0-0: Grounds into double play, 6-4-3 (Groundball, 6)
|
Top of the 7th over - 0 runs, 1 hit, 0 errors, 1 left on base; District 9 7 - Mexico City 8 |
BOTTOM OF THE 7TH |
Mexico City Cerveceros batting - Pitching for District 9 Prawns : RHP Johnathan McJannett
|
Now at 2B: Roberto Otero
|
|
Now in RF: Al Bartlett
|
|
Batting: RHB Ray Ervin
|
0-0: Ball 1-0: Ball 2-0: Foul Ball, location: 2F 2-1: SINGLE (Flyball, 78S)
|
Pitching: LHP Ricardo Vega
|
|
Pinch Hitting: RHB Juan Brieno
|
0-0: Ball 1-0: Bunt missed! 1-1: Called Strike 1-2: Ball 2-2: 2-RUN HOME RUN (Flyball, 7LD), Distance : 332 ft
|
Pitching: RHP Clayton Hawkins
|
|
Batting: RHB Eliot James
|
0-0: Called Strike 0-1: Ground out 6-3 (Groundball, 6)
|
Batting: RHB Ricardo Remedios
|
0-0: Foul Ball, location: 2F 0-1: Ball 1-1: Swinging Strike 1-2: Reached on error, E6 (Groundball, 6)
|
Batting: LHB Luis Gallegos
|
0-0: Ball 1-0: Called Strike 1-1: Called Strike 1-2: SINGLE (Groundball, 3) (infield hit) Ricardo Remedios to second
|
Batting: RHB Juan Estrada
|
0-0: Ball 1-0: Foul Ball, location: 2F 1-1: Fielders Choice at 2nd, 6-4 (Groundball, 6) Ricardo Remedios to third
|
Batting: RHB Robinson Pacheco
|
0-0: Ball 1-0: Called Strike 1-1: Ball 2-1: Foul Ball, location: 2F 2-2: Fly out, F8 (Flyball, 8LXD)
|
Bottom of the 7th over - 2 runs, 3 hits, 1 error, 2 left on base; District 9 7 - Mexico City 10 |
TOP OF THE 8TH |
District 9 Prawns batting - Pitching for Mexico City Cerveceros : LHP Juan Parrot
|
Now at 1B: Tim Adkins
|
|
Batting: SHB Júlio Macías
|
0-0: Called Strike 0-1: Called Strike 0-2: Strikes out swinging
|
Batting: RHB José Colón
|
0-0: Called Strike 0-1: Swinging Strike 0-2: Strikes out looking
|
Batting: LHB Terry Simpson
|
0-0: Ball 1-0: Called Strike 1-1: SINGLE (Line Drive, 8LS)
|
Batting: LHB Mike Davis
|
0-0: Ground out U3 (Groundball, 3)
|
Top of the 8th over - 0 runs, 1 hit, 0 errors, 1 left on base; District 9 7 - Mexico City 10 |
BOTTOM OF THE 8TH |
Mexico City Cerveceros batting - Pitching for District 9 Prawns : RHP Clayton Hawkins
|
Batting: LHB Mike Harris
|
0-0: Called Strike 0-1: Foul Ball, location: 2F 0-2: Strikes out swinging
|
Batting: LHB Dan Hamilton
|
0-0: Foul Ball, location: 2F 0-1: Foul Ball, location: 2F 0-2: Ground out 1-3 (Groundball, P)
|
Batting: RHB Ray Ervin
|
0-0: Ball 1-0: Called Strike 1-1: Swinging Strike 1-2: Foul Ball, location: 2F 1-2: Ball 2-2: Ground out 5-3 (Groundball, 5L)
|
Bottom of the 8th over - 0 runs, 0 hits, 0 errors, 0 left on base; District 9 7 - Mexico City 10 |
TOP OF THE 9TH |
District 9 Prawns batting - Pitching for Mexico City Cerveceros : LHP Juan Parrot
|
Pitching: RHP Juan Ríos
|
|
Batting: LHB Jeff Doss
|
0-0: Foul Ball, location: 2F 0-1: Called Strike 0-2: Ground out 6-3 (Groundball, 6)
|
Batting: LHB Manuel Cardenas
|
0-0: Ball 1-0: Ball 2-0: Called Strike 2-1: Ball 3-1: Called Strike 3-2: DOUBLE (Flyball, 8LXD)
|
Pinch Runner at 2nd Jeff Stevenson:
|
|
Batting: RHB Edgardo Carrasco
|
0-0: Called Strike 0-1: Ball 1-1: Ball 2-1: SINGLE (Groundball, 56D) Jeff Stevenson to third
|
Pinch Hitting: LHB Leonard Young
|
0-0: Called Strike 0-1: Fly out, F9 (Flyball, 9LM) Runner from 3rd tags up, SCORES, no throw
|
Batting: LHB Al Bartlett
|
0-0: Swinging Strike 0-1: Ball 1-1: Ball 2-1: Ball 3-1: Base on Balls Edgardo Carrasco to second
|
Pinch Runner at 2nd Gil Palmer:
|
|
Batting: SHB Júlio Macías
|
0-0: Swinging Strike 0-1: Ball 1-1: Ball 2-1: Ball 3-1: Base on Balls Gil Palmer to third Al Bartlett to second
|
Batting: RHB José Colón
|
0-0: Called Strike 0-1: Ball 1-1: Called Strike 1-2: Ball 2-2: Ball 3-2: Base on Balls Gil Palmer scores Al Bartlett to third Júlio Macías to second
|
Batting: LHB Terry Simpson
|
0-0: Called Strike 0-1: Ball 1-1: Ball 2-1: Foul Ball, location: 2F 2-2: Strikes out swinging
|
Top of the 9th over - 2 runs, 2 hits, 0 errors, 3 left on base; District 9 9 - Mexico City 10 |
|